 Dungeon Crawl Stone Soup version 0.30.0-29-ga12c61a403 (webtiles) character file.

Game seed: 7741141643816056886

136 qw the Chopper (level 5, -1/32 HPs)
             Began as a Gargoyle Fighter on June 5, 2023.
             Frozen to death by an endoplasm (3 damage)
             ... on level 3 of the Dungeon.
             The game lasted 00:01:15 (1925 turns).

qw the Chopper (Gargoyle Fighter)                   Turns: 1925, Time: 00:01:16

Health: -1/32      AC: 12    Str: 20 (21) XL:     5   Next: 19%
Magic:  5/5        EV:  9    Int:  9      God:
Gold:   154        SH:  4    Dex:  7 (9)  Spells: 4/4 levels left

rFire   + . .        Y - +0 war axe
rCold   . . .        c - +0 buckler
rNeg    + . .        b - +0 scale mail
rPois   inf          h - +0 helmet
rElec   +            (no cloak)
rCorr   .            (no gloves)
SInv    .            (no boots)
Will    .....        g - amulet of faith Stlth
                     k - ring of protection from fire
HPRegen 0.25/turn    (no ring)
MPRegen 0.09/turn

%: faith
@: very slow
A: sickness immunity, AC +4, negative energy resistance 1, electricity
resistance, torment resistance 1, petrification resistance
a: no special abilities


You were on level 3 of the Dungeon.
You visited 1 branch of the dungeon, and saw 3 of its levels.

You collected 154 gold pieces.


Innate Abilities, Weirdness & Mutations

You are immune to sickness and miasma.
Your stone body is resilient. (AC +4)
You are immune to poison.
You resist negative energy. (rN+)
You are resistant to electric shocks. (rElec)
You are resistant to unholy torment.
You are immune to petrification.


   Skills:
 - Level 3.2 Fighting
 + Level 4.7 Axes
 - Level 3.2 Armour
 - Level 3.2 Shields


You had 4 spell levels left.
You didn't know any spells.
Your spell library was empty.

Inventory:

Hand Weapons
 o - a +0 flail
 Y - a +0 war axe (weapon)
Armour
 b - a +0 scale mail (worn)
 c - a +0 buckler (worn)
 h - a +0 helmet (worn)
Jewellery
 g - an amulet of faith (around neck)
 i - an amulet of the acrobat
 k - a ring of protection from fire (left hand)
Scrolls
 e - 2 scrolls of identify
Potions
 a - 2 potions of curing
 d - a potion of might

Dungeon Overview and Level Annotations

Branches:
Dungeon (3/15)

Altars:
Kikubaaqudgha

Annotations:
D:3 Robin


Message History

Your surroundings suddenly seem different.
Splash!
You fall into the shallow water.
Moving in this stuff is going to be slow.
Found a pair of boots and 9 gold pieces.
Found an ancient bone altar of Kikubaaqudgha.
Enter note:
Enter note:
Enter note:
Enter note: Robin zaps a wand.
The puff of flame hits you but does no damage.
Enter note:
Enter note:
Enter note:
Enter note: Your unstable footing causes you to fumble your attack.
The endoplasm hits you but does no damage.
You hit the endoplasm.
The endoplasm is severely wounded.
You block Robin's attack.
The endoplasm hits you but does no damage.
The adder bites you but does no damage.
Your unstable footing causes you to fumble your attack.
The adder bites you.
Robin zaps a wand.
The puff of flame hits you but does no damage.
You resist. The endoplasm closely misses you. The adder barely misses you.
Robin zaps a wand.
The puff of flame hits you but does no damage.
The now-empty wand crumbles to dust.
The endoplasm hits you.
Your unstable footing causes you to fumble your attack.
You block the adder's attack. The endoplasm freezes you.
You are frozen.
Robin hits you but does no damage. The adder bites you but does no damage.
Your unstable footing causes you to fumble your attack.
Robin hits you but does no damage. The endoplasm freezes you.
You are frozen.
You die...

####### ###.##
..............
.$.[.........
........#...# #
............##.#
..........}....# ....#
.....~~~~...# #...#
.....~~~¤..# #...#
....~~¤@~~.# #...#
......¤JS...# #...#
.....g..~...# #...#
###.}....~_.#
#...#####...##....#
#..........########
####...####..!))......
.......# ##.<).)......
###..#.###...))#######


You could see Robin, an adder and an endoplasm.

Vanquished Creatures
  An iguana (D:3)
  3 gnolls (D:1)
  2 worms (D:2)
  2 dart slugs
  2 orcs
  3 bats (D:1)
  6 endoplasms
  4 giant cockroaches
  14 goblins
  8 hobgoblins
  A quokka (D:2)
  4 ball pythons (D:1)
  5 frilled lizards
  5 kobolds
  5 rats
65 creatures vanquished.

Notes
Turn   | Place    | Note
-------+----------+-------------------------------------------
     0 | D:1      | qw the Gargoyle Fighter began the quest for the Orb.
     0 | D:1      | Reached XP level 1. HP: 14/14 MP: 1/1
     0 | D:1      | 0 ||| qw: Version: 0.2-a-108-gee2c290
     0 | D:1      | 0 ||| qw: Game counter: 1328
     0 | D:1      | 0 ||| qw: Always use a shield: true
     0 | D:1      | 0 ||| qw: God list: Okawaru
     0 | D:1      | 0 ||| qw: Allow faded altars: false
     0 | D:1      | 0 ||| qw: Do Orc after D:15 true
     0 | D:1      | 0 ||| qw: Do second Lair branch before Depths: true
     0 | D:1      | 0 ||| qw: Lair rune preference: random
     0 | D:1      | 0 ||| qw: Plans: Normal, Zot:1-4, Slime:5, God:TSO, Crypt,
                  | Tomb, Abyss, Pan, Hells, Win
     0 | D:1      | 0 ||| PLANNING D:1-11
    22 | D:1      | Reached skill level 2 in Axes
    65 | D:1      | 65 ||| Stepping ~*~*~tactically~*~*~ (hiding).
    75 | D:1      | Reached XP level 2. HP: 7/19 MP: 2/2
   258 | D:1      | Reached skill level 3 in Axes
   258 | D:1      | Reached XP level 3. HP: 23/23 MP: 3/3
   400 | D:1      | 400 ||| Stepping ~*~*~tactically~*~*~ (hiding).
   401 | D:1      | 401 ||| Stepping ~*~*~tactically~*~*~ (hiding).
   616 | D:1      | 616 ||| Stepping ~*~*~tactically~*~*~ (stealth).
   623 | D:1      | 623 ||| Stepping ~*~*~tactically~*~*~ (stealth).
   629 | D:1      | 629 ||| Stepping ~*~*~tactically~*~*~ (stealth).
   630 | D:1      | 630 ||| Stepping ~*~*~tactically~*~*~ (stealth).
   631 | D:1      | 631 ||| Stepping ~*~*~tactically~*~*~ (stealth).
   632 | D:1      | 632 ||| DROPPING +0 whip.
   691 | D:1      | 691 ||| UPGRADING to amulet of the acrobat.
   696 | D:1      | 696 ||| READING scroll labelled EXUNEF XOODGH.
   697 | D:1      | 697 ||| READING scroll labelled ZEJOLEUXKIGA.
   698 | D:1      | 698 ||| READING scroll labelled VAS PAURHESCH.
   701 | D:1      | 701 ||| READING scroll labelled HOPAHI SUYFA.
   702 | D:1      | 702 ||| DRINKING 2 bubbling inky potions.
   807 | D:1      | 807 ||| DRINKING 2 smoky black potions.
   808 | D:1      | 808 ||| DROPPING potion of berserk rage.
   809 | D:1      | 809 ||| DROPPING potion of degeneration.
   876 | D:2      | Reached XP level 4. HP: 27/28 MP: 4/4
  1000 | D:2      | 1000 ||| Stepping ~*~*~tactically~*~*~ (hiding).
  1088 | D:2      | Reached skill level 4 in Axes
  1257 | D:2      | 1257 ||| Stepping ~*~*~tactically~*~*~ (stealth).
  1497 | D:2      | 1497 ||| UPGRADING to +0 helmet.
  1502 | D:2      | 1502 ||| UPGRADING to amulet of faith.
  1512 | D:2      | 1512 ||| UPGRADING to ring of protection from fire.
  1513 | D:2      | 1513 ||| READING scroll labelled YLIDUDGHOWN.
  1514 | D:2      | 1514 ||| DRINKING 2 fuming silvery potions.
  1515 | D:2      | 1515 ||| DRINKING 2 dark potions.
  1516 | D:2      | 1516 ||| READING 3 scrolls of identify.
  1516 | D:2      | 1516 ||| IDENTIFYING orange potion
  1517 | D:2      | 1517 ||| DROPPING potion of brilliance.
  1518 | D:2      | 1518 ||| DROPPING potion of flight.
  1710 | D:3      | Reached XP level 5. HP: 32/32 MP: 5/5
  1893 | D:3      | 1893 ||| Stepping ~*~*~tactically~*~*~ (stealth).
  1894 | D:3      | 1894 ||| Stepping ~*~*~tactically~*~*~ (stealth).
  1895 | D:3      | 1895 ||| Stepping ~*~*~tactically~*~*~ (stealth).
  1895 | D:3      | Noticed Robin
  1916 | D:3      | HP: 8/32 [Robin/puff of flame (5)]
  1917 | D:3      | 1917 ||| READING scroll of teleportation.
  1919 | D:3      | Found an ancient bone altar of Kikubaaqudgha.
  1923 | D:3      | HP: 8/32 [adder (3)]
  1924 | D:3      | HP: 2/32 [frozen (5)]
  1925 | D:3      | Frozen to death by an endoplasm

Levels and vault maps discovered:
D:1:      tarquinn_simple_flora_water_f, layout_loops_cross
D:2:      layout_basic
D:3:      layout_basic, kiku_gazebo_pond_becter, chequers_serial_rivers_micro_c,
          uniq_robin

Skill      XL: |  1  2  3  4 |
---------------+-------------+-----
Axes           | 2 3 4 |  4.7
Fighting       | |  3.2
Armour         | |  3.2
Shields        | |  3.2

Action                     |  1- 3 |  4- 6 || total
---------------------------+-------+-------++-------
  Melee: War axe           |    59 |   131 ||   190
    Use: Scroll            |     4 |     3 ||     7
         Potion            |     2 |     2 ||     4
 Armour: Scale mail        |    20 |   106 ||   126
  Dodge: Dodged            |    21 |    64 ||    85
  Block: Buckler           |    10 |    36 ||    46

Table legend:
 A = Non-vault XP
 B = Vault XP
 C = Vault XP percentage of total XP
 D = Non-vault monster count
 E = Vault monster count
 F = Vault count percentage of total count
                 A         B        C        D         E       F
            +---------+---------+-------+---------+---------+-------
      Total |     175 |      20 |  10.3 |      55 |      10 |  15.4
            +---------+---------+-------+---------+---------+-------
        D:1 |      78 |       0 |   0.0 |      23 |       0 |   0.0
        D:2 |      41 |       0 |   0.0 |      20 |       0 |   0.0
        D:3 |      56 |      20 |  26.3 |      12 |      10 |  45.5
            +---------+---------+-------+---------+---------+-------
